 Dungeon Crawl Stone Soup version 0.30-a0-824-g6c64550be9 (webtiles) character file.

Game seed: 17069928225048862248

135 qeuew the Trooper (level 4, 0/37 HPs)
             Began as a Demonspawn Monk on Feb 27, 2023.
             Constricted to death by Robin (2 damage)
             ... on level 3 of the Dungeon.
             The game lasted 00:01:54 (1375 turns).

qeuew the Trooper (Demonspawn Monk)                 Turns: 1375, Time: 00:01:55

Health: 0/37       AC:  5    Str: 14    XL:     4   Next: 96%
Magic:  4/4        EV:  8    Int: 11    God:
Gold:   102        SH:  0    Dex: 15    Spells: 3/3 levels left

rFire   . . .      SeeInvis .    a - +0 mace
rCold   . . .      Faith    .    (no shield)
rNeg    . . .      Spirit   .    e - +0 ring mail
rPois   .          Reflect  .    (helmet restricted)
rElec   .          Harm     .    (no cloak)
rCorr   .          Rampage  .    (no gloves)
Will    .....                    (no boots)
Stlth   +                        (no amulet)
HPRegen 0.26/turn                (no ring)
MPRegen 0.09/turn                (no ring)

@: grasped by roots, constricted
A: antennae 1, hooves 1, demonic guardian 1
a: no special abilities


You were on level 3 of the Dungeon.
You visited 1 branch of the dungeon, and saw 3 of its levels.

You collected 102 gold pieces.

Inventory:

Hand Weapons
 a - a +0 mace (weapon)
Armour
 e - a +0 ring mail (worn)
Potions
 d - a potion of flight


   Skills:
 + Level 3.8 Fighting
 + Level 3.5 Maces & Flails
 + Level 1.9 Armour
 + Level 3.4 Dodging
 - Level 1.7 Stealth


You had 3 spell levels left.
You didn't know any spells.
Your spell library contained the following spells:

 Spells                   Type           Power      Damage    Failure   Level
 Apportation              Tloc           0%         N/A       56%         1
 Necrotise                Necr           0%         1d4       56%         1
 Summon Small Mammal      Summ           0%         N/A       56%         1
 Call Canine Familiar     Summ           0%         N/A       91%         3
 Summon Guardian Golem    Hex/Summ       0%         N/A       91%         3


Dungeon Overview and Level Annotations

Branches:
Dungeon (3/15)

Altars:

Annotations:
D:3 Robin


Innate Abilities, Weirdness & Mutations

You have a pair of small antennae on your head.
You have large cloven feet.
A weak demonic guardian rushes to your aid.


Message History

The goblins go into a battle-frenzy!
Robin attacks as you move away! Robin hits you but does no damage.
The goblin attacks as you move away! The goblin hits you but does no damage.
You feel less invigorated.
You feel less confused.
Your iron imp hits the goblin.
The goblin dies!
Robin throws the goblin at you! The goblin misses you. The hobgoblin hits you.
The hobgoblin closely misses you. Robin barely misses you.
Your iron imp jumps up and down with excitement.
You see here a +0 dagger.
You barely miss the goblin. Your kick misses the goblin.
The goblin hits you but does no damage. The hobgoblin closely misses you.
The hobgoblin hits you. The hobgoblin misses you.
Robin hits you with a +0 whip.
* * * LOW HITPOINT WARNING * * *
Your iron imp hits the hobgoblin!
The hobgoblin dies!
You barely miss Robin. You kick Robin.
Robin is heavily wounded.
The goblin completely misses you. The hobgoblin closely misses you. x2
Robin zaps a wand.
The roots erupt in riotous growth!
The grasping roots grab you!
The hobgoblin is unaffected.
The goblin is unaffected.
The hobgoblin is unaffected.
Roots grab your iron imp.
Robin is unaffected.
The grasping roots constrict your iron imp.
The grasping roots constrict you.
* * * LOW HITPOINT WARNING * * *
Your iron imp struggles to escape constriction.
You hit Robin.
Robin is heavily wounded.
The goblin hits you with a +0 club.
* * * LOW HITPOINT WARNING * * *
Robin hits you but does no damage.
The grasping roots constrict your iron imp.
The grasping roots constrict you.
You die...

#######.#
###....#
#......#
#.....##
##.....##
#.......#
#######$.....###
......gg5)......
#######@)#######
#gg# #..# ..>.
.#.### ..#.# ..
#.# ### #.#


You could see Robin (ally target), 2 hobgoblins, a goblin (strong) and a
friendly iron imp (summoned, rooted).

Vanquished Creatures
  A scorpion (D:2)
  2 adders
  A dart slug (D:1)
  7 ball pythons
  An endoplasm (D:1)
  A giant cockroach (D:1)
  6 hobgoblins
  6 kobolds
  A quokka (D:1)
  A bat (D:1)
  4 frilled lizards
  11 goblins
  5 rats
47 creatures vanquished.

Vanquished Creatures (collateral kills)
  2 goblins
  A hobgoblin (D:3)
3 creatures vanquished.

Grand Total: 50 creatures vanquished

Notes
Turn   | Place    | Note
-------+----------+-------------------------------------------
     0 | D:1      | qeuew the Demonspawn Monk began the quest for the Orb.
     0 | D:1      | Reached XP level 1. HP: 18/18 MP: 1/1
   156 | D:1      | Gained mutation: A weak demonic guardian rushes to your
                  | aid. [demonic ancestry]
   156 | D:1      | Reached XP level 2. HP: 18/24 MP: 2/2
   714 | D:1      | Reached skill level 1 in Armour
   861 | D:2      | Discovered your monstrous ancestry.
   861 | D:2      | Gained mutation: You have large cloven feet. [demonic
                  | ancestry]
   861 | D:2      | Reached XP level 3. HP: 29/29 MP: 3/3
   871 | D:2      | Noticed a scorpion
   886 | D:2      | Killed a scorpion
   887 | D:2      | Gained mutation: You have a pair of small antennae on your
                  | head. [demonic ancestry]
   887 | D:2      | Reached XP level 4. HP: 27/36 MP: 4/4
  1355 | D:3      | Noticed Robin
  1375 | D:3      | Constricted to death by Robin

Illustrated notes

Levels and vault maps discovered:
D:1:      wheals_arrival_shading, layout_loops_ring
D:2:      layout_rooms, shapermc_ecumenical_altar_petra, palyth_stone_intersect
D:3:      layout_basic, uniq_robin, uniq_crazy_yiuf_cottage

Skill      XL: |  1  2 |
---------------+-------+-----
Maces & Flails | 3 |  3.5
Armour         | 1 |  1.9
Dodging        | 3 |  3.4
Fighting       | |  3.8
Stealth        | |  1.7

Action                     |  1- 3 |  4- 6 || total
---------------------------+-------+-------++-------
  Melee: Mace              |    83 |    35 ||   118
         Punch             |     2 |       ||     2
         Kick              |     6 |     9 ||    15
    Use: Scroll            |     3 |     5 ||     8
         Potion            |       |     4 ||     4
   Stab: Sleeping          |       |     1 ||     1
 Armour: Robe              |     3 |       ||     3
         Ring mail         |    28 |    22 ||    50
  Dodge: Dodged            |    60 |    39 ||    99

Table legend: (Time is in decaauts)
 A = Elapsed time spent in this place.
 B = Non-inter-level travel time spent in this place.
 C = Inter-level travel time spent in this place.
 D = Time resting spent in this place.
 E = Time spent auto-exploring this place.
 F = Levels seen in this place.
 G = Mean time per level.
                   A        B        C        D        E       F      G
               +--------+--------+--------+--------+--------+-----+--------+
         Total |   1402 |   1320 |     82 |     39 |    954 |   3 |  467.3 |
       Dungeon |   1402 |   1320 |     82 |     39 |    954 |   3 |  467.3 |
               +--------+--------+--------+--------+--------+-----+--------+

Top non-repeatable levels by time:
     D:1: 837 daAuts
     D:2: 496 daAuts
     D:3: 68 daAuts
